[ AOE2 MATCH · #507293989 ]
UnrankedChinese vs Burmese
Player's team · LOSS
Rival team · WIN
[ REPLAY ANALYSIS · EXTRACTED FROM THE RECORDED GAME ]
Feudal
—
Castle
—
Imperial
—
| APM avg | 28.7 |
| APM peak | 58 |
| eAPM avg | 14.3 |
| Villagers / military | 81 / 25 |
Focus
⚔️ 32.8% · 🌾 67.2%
Archer ×19 · Iron Pagoda ×5 · Spearman ×1
Feudal
—
Castle
—
Imperial
—
| APM avg | 34.3 |
| APM peak | 73 |
| eAPM avg | 17.8 |
| Villagers / military | 169 / 35 |
Focus
⚔️ 29.8% · 🌾 70.2%
Skirmisher ×16 · Archer ×13 · Militia ×3 · Mangonel ×2 · Monk ×1
Match map
Initial resources + every placement click. Lines = walls · curves = elevation contours. ◆ gold · ⬟ stone · ● berries · ✦ relic · ◌ wall gap
Your base· ✓ Closed at 21:51 · 44t walls · 1 gate(s)
theROCKbrah's base· ✓ Closed at 18:34 · 19t walls · 1 gate(s)
Smoothed initial terrain · ◌ = detected wall gap · hover for details
Inputs per minute
— vN eRaaz - - theROCKbrah
Build order — vN eRaaz
First 150 of 180 actions detected
| 0:04 | Build | House |
| 0:07 | Research | Loom |
| 0:11 | Build | House |
| 1:13 | Queue | Villager (Male) |
| 1:13 | Queue | Villager (Male) |
| 1:43 | Queue | Villager (Male) |
| 1:48 | Build | Lumber Camp |
| 2:06 | Queue | Villager (Male) |
| 2:30 | Queue | Villager (Male) |
| 2:31 | Queue | Villager (Male) |
| 3:00 | Queue | Villager (Male) |
| 3:25 | Queue | Villager (Male) |
| 3:25 | Queue | Villager (Male) |
| 3:41 | Queue | Villager (Male) |
| 3:41 | Queue | Villager (Male) |
| 3:58 | Queue | Villager (Male) |
| 4:16 | Queue | Villager (Male) |
| 5:02 | Queue | Villager (Male) |
| 5:03 | Queue | Villager (Male) |
| 5:15 | Queue | Villager (Male) |
| 5:16 | Queue | Villager (Male) |
| 5:47 | Build | Mining Camp |
| 5:59 | Queue | Villager (Male) |
| 6:32 | Queue | Villager (Male) |
| 7:03 | Queue | Villager (Male) |
| 7:44 | Build | Barracks |
| 7:49 | Research | Feudal Age |
| 8:20 | Build | House |
| 8:25 | Build | Palisade Wall |
| 9:33 | Queue | Villager (Male) |
| 9:33 | Queue | Villager (Male) |
| 9:53 | Build | House |
| 9:56 | Build | House |
| 9:59 | Build | House |
| 10:06 | Build | Archery Range |
| 10:11 | Build | House |
| 10:14 | Build | House |
| 10:17 | Build | Palisade Wall |
| 10:33 | Build | House |
| 10:50 | Queue | Archer |
| 10:50 | Queue | Archer |
| 10:51 | Queue | Archer |
| 10:53 | Queue | Villager (Male) |
| 11:00 | Research | Double-Bit Axe |
| 11:19 | Queue | Villager (Male) |
| 11:23 | Queue | Archer |
| 11:53 | Build | Blacksmith |
| 11:55 | Build | House |
| 12:02 | Build | Mill |
| 12:06 | Queue | Archer |
| 12:09 | Queue | Villager (Male) |
| 12:09 | Queue | Villager (Male) |
| 12:32 | Queue | Archer |
| 12:35 | Queue | Villager (Male) |
| 13:09 | Build | Farm |
| 13:09 | Build | Farm |
| 13:09 | Build | Farm |
| 13:30 | Queue | Villager (Male) |
| 13:35 | Build | House |
| 13:38 | Build | Palisade Wall |
| 13:44 | Build | House |
| 13:46 | Build | Palisade Wall |
| 14:03 | Queue | Spearman |
| 14:11 | Build | Farm |
| 14:11 | Build | Farm |
| 14:19 | Queue | Archer |
| 14:23 | Research | Fletching |
| 14:28 | Queue | Archer |
| 14:37 | Build | Farm |
| 14:37 | Build | Farm |
| 14:37 | Build | Farm |
| 14:39 | Build | Farm |
| 14:41 | Queue | Villager (Male) |
| 15:02 | Queue | Villager (Male) |
| 15:14 | Build | House |
| 15:19 | Build | Palisade Wall |
| 15:22 | Build | Farm |
| 15:34 | Queue | Villager (Male) |
| 15:34 | Queue | Villager (Male) |
| 15:47 | Queue | Archer |
| 15:47 | Queue | Archer |
| 15:49 | Queue | Villager (Male) |
| 16:07 | Build | Lumber Camp |
| 16:29 | Queue | Villager (Male) |
| 16:30 | Queue | Villager (Male) |
| 16:44 | Queue | Archer |
| 17:11 | Queue | Archer |
| 18:18 | Queue | Villager (Male) |
| 18:18 | Queue | Villager (Male) |
| 18:25 | Queue | Villager (Male) |
| 18:25 | Queue | Villager (Male) |
| 19:01 | Queue | Villager (Male) |
| 19:01 | Queue | Villager (Male) |
| 19:01 | Queue | Villager (Male) |
| 19:11 | Build | Market |
| 19:14 | Build | House |
| 19:20 | Build | House |
| 19:23 | Build | Palisade Wall |
| 19:25 | Research | Horse Collar |
| 19:30 | Build | House |
| 19:34 | Build | Palisade Wall |
| 19:36 | Queue | Villager (Male) |
| 19:44 | Queue | Archer |
| 19:44 | Queue | Archer |
| 20:05 | Queue | Villager (Male) |
| 20:20 | Build | Farm |
| 20:21 | Build | Farm |
| 20:21 | Build | Farm |
| 20:21 | Build | Farm |
| 20:21 | Build | Farm |
| 20:22 | Build | Farm |
| 20:29 | Queue | Villager (Male) |
| 20:36 | Build | House |
| 20:41 | Build | Palisade Gate |
| 20:45 | Build | House |
| 20:50 | Build | Palisade Wall |
| 21:09 | Queue | Villager (Male) |
| 21:21 | Build | Palisade Wall |
| 21:51 | Research | Castle Age |
| 22:09 | Research | Gold Mining |
| 22:17 | Build | House |
| 22:20 | Queue | Villager (Male) |
| 22:36 | Build | Archery Range |
| 22:38 | Build | House |
| 22:42 | Build | House |
| 22:56 | Build | Barracks |
| 23:03 | Queue | Archer |
| 23:15 | Research | Padded Archer Armor |
| 23:24 | Queue | Villager (Male) |
| 23:48 | Queue | Archer ×4 |
| 24:02 | Build | House |
| 24:04 | Build | House |
| 24:07 | Build | House |
| 24:11 | Build | Palisade Wall |
| 24:24 | Build | Farm |
| 24:34 | Research | Crossbowman (upgrade) |
| 24:47 | Build | Town Center |
| 25:16 | Queue | Villager (Male) |
| 25:16 | Queue | Villager (Male) |
| 25:25 | Build | Siege Workshop |
| 25:45 | Queue | Villager (Male) |
| 25:50 | Build | House |
| 25:53 | Research | Bodkin Arrow |
| 26:21 | Queue | Villager (Male) |
| 26:21 | Queue | Villager (Male) |
| 26:27 | Queue | Iron Pagoda |
| 26:35 | Build | Farm |
| 26:36 | Build | Farm |
| 26:36 | Build | Farm |
| 27:52 | Queue | Villager (Male) ×5 |
Build order — theROCKbrah
First 150 of 241 actions detected
| 0:01 | Queue | Villager (Male) ×4 |
| 0:01 | Queue | Villager (Male) ×4 |
| 0:02 | Build | House |
| 0:03 | Build | House |
| 1:25 | Queue | Villager (Male) |
| 1:47 | Build | Lumber Camp |
| 1:54 | Queue | Villager (Male) |
| 1:54 | Queue | Villager (Male) |
| 2:17 | Queue | Villager (Male) |
| 2:45 | Queue | Villager (Male) |
| 3:01 | Queue | Villager (Male) |
| 3:09 | Build | House |
| 3:32 | Queue | Villager (Male) |
| 3:33 | Queue | Villager (Male) |
| 3:57 | Queue | Villager (Male) |
| 4:27 | Queue | Villager (Male) |
| 4:27 | Queue | Villager (Male) |
| 4:58 | Queue | Villager (Male) |
| 5:05 | Queue | Villager (Male) |
| 5:06 | Research | Loom |
| 5:40 | Build | Barracks |
| 6:09 | Build | House |
| 6:49 | Research | Feudal Age |
| 7:00 | Build | House |
| 7:21 | Queue | Militia ×2 |
| 7:39 | Queue | Militia |
| 8:12 | Build | Mining Camp |
| 8:56 | Queue | Villager (Male) |
| 9:00 | Research | Man-at-Arms (upgrade) |
| 9:02 | Build | Archery Range |
| 9:07 | Build | Palisade Wall |
| 9:27 | Queue | Villager (Male) |
| 9:27 | Queue | Villager (Male) |
| 9:34 | Build | Mill |
| 10:01 | Queue | Villager (Male) |
| 10:17 | Queue | Villager (Male) |
| 10:19 | Queue | Archer ×2 |
| 10:20 | Queue | Archer ×2 |
| 11:01 | Build | House |
| 11:07 | Build | Blacksmith |
| 11:09 | Queue | Villager (Male) |
| 11:09 | Queue | Villager (Male) |
| 11:19 | Queue | Archer ×2 |
| 11:29 | Queue | Villager (Male) |
| 11:32 | Build | Farm |
| 11:34 | Build | Farm |
| 11:42 | Build | Palisade Wall |
| 11:53 | Queue | Villager (Male) |
| 12:22 | Queue | Villager (Male) |
| 12:22 | Queue | Villager (Male) |
| 12:28 | Build | Palisade Gate |
| 12:30 | Queue | Archer ×4 |
| 12:33 | Queue | Villager (Male) |
| 12:52 | Build | Farm |
| 12:53 | Build | Farm |
| 13:05 | Queue | Villager (Male) |
| 13:06 | Queue | Villager (Male) |
| 13:12 | Build | House |
| 13:15 | Build | House |
| 13:22 | Queue | Villager (Male) |
| 13:26 | Queue | Archer |
| 13:35 | Queue | Villager (Male) |
| 13:36 | Queue | Villager (Male) |
| 13:44 | Build | House |
| 13:45 | Build | House |
| 13:48 | Build | Farm |
| 13:53 | Queue | Archer |
| 13:55 | Queue | Villager (Male) |
| 13:58 | Build | Farm |
| 14:00 | Build | Farm |
| 14:03 | Queue | Villager (Male) |
| 14:03 | Queue | Villager (Male) |
| 14:09 | Research | Fletching |
| 14:10 | Queue | Villager (Male) |
| 14:25 | Build | House |
| 14:31 | Build | Farm |
| 14:34 | Build | Farm |
| 14:36 | Queue | Villager (Male) |
| 14:43 | Queue | Archer |
| 14:45 | Queue | Villager (Male) |
| 14:51 | Build | Farm |
| 14:54 | Queue | Villager (Male) |
| 15:05 | Build | Farm |
| 15:09 | Queue | Villager (Male) |
| 15:12 | Build | Farm |
| 15:17 | Queue | Villager (Male) |
| 15:17 | Queue | Villager (Male) |
| 15:30 | Build | Farm |
| 15:43 | Build | Farm |
| 15:44 | Queue | Villager (Male) ×2 |
| 15:44 | Queue | Villager (Male) ×2 |
| 16:12 | Build | Farm |
| 16:15 | Build | Farm |
| 16:16 | Queue | Villager (Male) ×3 |
| 16:27 | Queue | Skirmisher |
| 16:27 | Queue | Skirmisher |
| 16:57 | Queue | Villager (Male) ×3 |
| 16:57 | Queue | Villager (Male) ×3 |
| 17:29 | Queue | Villager (Male) ×3 |
| 17:32 | Build | Farm |
| 18:14 | Build | Farm |
| 18:32 | Build | Market |
| 18:34 | Research | Castle Age |
| 18:35 | Queue | Skirmisher |
| 18:35 | Queue | Skirmisher |
| 18:43 | Build | Lumber Camp |
| 19:01 | Queue | Skirmisher |
| 19:02 | Queue | Skirmisher |
| 19:04 | Build | Farm |
| 19:05 | Build | Farm |
| 19:10 | Build | House |
| 19:22 | Research | Horse Collar |
| 19:45 | Queue | Skirmisher |
| 19:46 | Research | Padded Archer Armor |
| 20:20 | Queue | Skirmisher |
| 20:28 | Queue | Skirmisher |
| 20:28 | Queue | Skirmisher |
| 20:30 | Build | Farm |
| 20:35 | Queue | Villager (Male) |
| 20:35 | Queue | Villager (Male) |
| 21:15 | Research | Elite Skirmisher (upgrade) |
| 21:16 | Research | Bodkin Arrow |
| 21:17 | Queue | Villager (Male) ×5 |
| 21:36 | Queue | Skirmisher |
| 21:36 | Queue | Skirmisher |
| 21:51 | Build | Town Center |
| 21:56 | Build | Farm |
| 22:07 | Queue | Villager (Male) |
| 22:08 | Queue | Villager (Male) |
| 22:15 | Research | Heavy Plow |
| 22:32 | Research | Wheelbarrow |
| 22:41 | Research | Gold Mining |
| 22:47 | Queue | Villager (Male) |
| 22:58 | Build | Siege Workshop |
| 23:03 | Queue | Skirmisher |
| 23:03 | Queue | Skirmisher |
| 23:11 | Build | House |
| 23:12 | Build | House |
| 23:16 | Queue | Villager (Male) ×5 |
| 23:44 | Build | Monastery |
| 23:49 | Queue | Mangonel |
| 23:50 | Build | House |
| 23:51 | Queue | Villager (Male) ×5 |
| 24:14 | Build | Farm |
| 24:24 | Build | Monastery |
| 24:32 | Queue | Skirmisher |
| 24:32 | Queue | Skirmisher |
| 25:04 | Queue | Mangonel |
| 25:09 | Build | House |
| 25:15 | Queue | Monk |
Match timeline
| 5:40 | theROCKbrah · first_building Barracks |
| 7:44 | vN eRaaz · first_building Barracks |
| 8:25 | vN eRaaz · wall_segment Palisade Wall x1 |
| 9:02 | theROCKbrah · first_building Archery Range |
| 9:07 | theROCKbrah · wall_segment Palisade Wall x5 |
| 10:06 | vN eRaaz · first_building Archery Range |
| 10:17 | vN eRaaz · wall_segment Palisade Wall x1 |
| 11:42 | theROCKbrah · wall_segment Palisade Wall x14 |
| 13:38 | vN eRaaz · wall_segment Palisade Wall x6 |
| 13:46 | vN eRaaz · wall_segment Palisade Wall x1 |
| 15:19 | vN eRaaz · wall_segment Palisade Wall x7 |
| 19:23 | vN eRaaz · wall_segment Palisade Wall x6 |
| 19:34 | vN eRaaz · wall_segment Palisade Wall x11 |
| 20:50 | vN eRaaz · wall_segment Palisade Wall x2 |
| 21:10 | theROCKbrah · first_market_buy 100 wood |
| 21:21 | vN eRaaz · wall_segment Palisade Wall x9 |
| 21:23 | vN eRaaz · first_market_sell 100 wood |
| 21:26 | vN eRaaz · first_market_buy 100 food |
| 22:54 | theROCKbrah · first_market_sell 100 food |
| 22:58 | theROCKbrah · first_building Siege Workshop |
| 23:44 | theROCKbrah · first_building Monastery |
| 24:11 | vN eRaaz · wall_segment Palisade Wall x1 |
| 25:25 | vN eRaaz · first_building Siege Workshop |
| 26:35 | theROCKbrah · first_building Castle |
| 32:29 | vN eRaaz · wall_segment Palisade Wall x2 |
| 32:36 | vN eRaaz · wall_segment Palisade Wall x5 |
| 32:38 | vN eRaaz · wall_segment Palisade Wall x6 |
| 32:58 | theROCKbrah · first_building Stable |
| 34:55 | vN eRaaz · resign |
[ AI ANALYSIS · 1 CREDIT ]
What really happened in this match?
Wolo.gg analyzes every decision: build order, eco, micro, common mistakes by bracket. Personalized analysis on WhatsApp or Discord in 30 seconds.
Civ guide
Chinese
Perfil
Jugador #14065945